Map: Frostline LE

Players

Jazi - Winner!

  • Race: Terran Terran
  • League: Silver
  • Spawn Location: 7:00

laskaris

  • Race: Terran Terran
  • League: Silver
  • Spawn Location: 1:00

VOD

Have the link to the VOD?

Description

Firebat/Hellion transformation operation

Time

  • Played on: Jan. 12, 2025, 5:05 p.m.
  • Length: 14:37
Show
View Real Time Build Order
Export as new Build Order

Jazi Terran - Winner!

Build Orders: 1/1/1, Hellion Banshee 

Get SALT Encoding   

  12  0:00  SCV  
  13  0:16  Supply Depot  
  13  0:22  Refinery  
  13  0:30  Refinery  
  13  0:43  Barracks  
  13  0:55  SCV  
  14  1:07  Supply Depot  
  14  1:08  SCV  
  15  1:20  SCV  
  16  1:40  Factory  
  16  1:47  SCV  
  17  1:48  Barracks Reactor  
  17  2:00  SCV  
  18  2:13  SCV  
  19  2:29  Starport  
  19  2:30  Orbital Command  
  19  2:46  Barracks Reactor  
  19  2:52  Hellion, Supply Depot  
  19  2:53  Hellion  
  23  3:07  Starport  
  23  3:08  Starport Tech Lab  
  23  3:15  Hellion  
  23  3:16  Hellion  
  27  3:26  Supply Depot  
  27  3:32  Banshee  
  30  3:38  Hellion  
  32  3:45  Hellion  
  34  3:53  Starport Tech Lab  
  34  3:57  Supply Depot  
  34  4:04  Hellion  
  34  4:06  Hellion  
  38  4:14  Banshee  
  41  4:26  Hellion  
  41  4:28  Hellion  
  45  4:34  Supply Depot  
  45  4:44  Armory  
  45  4:50  Banshee  
  48  4:58  Cloaking Field  
  48  5:06  Banshee  
  51  5:42  Banshee  
  48  6:39  Hyperflight Rotors  
  46  6:58  Banshee x2  
  46  7:40  Banshee  
  47  8:11  Banshee  
  46  8:27  Banshee  
  46  8:30  Hellion x2  
  53  8:34  Marine x2  
  55  8:51  Hellion x2  
  55  8:52  Marine x2  
  61  8:58  Command Center  
  61  9:05  Medivac  
  63  9:19  Supply Depot  
  63  9:20  Supply Depot  
  63  9:24  Supply Depot  
  63  9:40  Marine x2  
  63  9:41  Hellion x2  
  69  10:02  Hellion x2  
Show
View Real Time Build Order
Export as new Build Order

laskaris Terran 

Build Orders:  

Get SALT Encoding   

  12  3:14  SCV  
  12  3:19  Supply Depot  
  13  3:22  Refinery  
  13  3:23  Refinery  
  13  3:37  SCV  
  14  3:45  Command Center  
  14  3:46  Barracks  
  14  3:50  SCV, Barracks  
  14  3:54  Barracks  
  15  4:02  SCV, Command Center  
  16  4:14  SCV  
  17  4:26  SCV, Supply Depot  
  17  4:29  Supply Depot  
  18  4:34  Marine  
  18  4:38  SCV  
  20  4:44  Factory  
  20  4:50  SCV  
  20  4:52  Marine x2  
  22  4:53  Marine  
  24  5:02  SCV  
  25  5:10  Marine x2  
  25  5:11  Marine  
  28  5:14  SCV  
  28  5:17  Supply Depot  
  28  5:19  SCV  
  30  5:22  SCV  
  30  5:28  Marine x2  
  32  5:29  Marine  
  32  5:30  Factory Tech Lab  
  32  5:31  SCV  
  32  5:34  SCV  
  36  5:39  SCV, Engineering Bay  
  37  5:43  SCV  
  38  5:51  Siege Tank  
  38  5:52  Marine  
  38  5:54  Barracks Tech Lab  
  38  5:56  Barracks Reactor  
  42  6:00  SCV  
  41  6:13  SCV  
  41  6:17  Marine x2  
  21  6:35  Marine x2  
  17  6:40  Marine x2  
  18  6:53  Marine x2  
  20  6:58  Marine x2  
  19  7:09  Factory Tech Lab  
  19  7:11  Marine x2  
  20  7:16  Marine  
  15  7:37  Factory Tech Lab, Marine  
  15  7:38  Marine x2  
  18  7:50  Marine  
  15  8:04  Marine x2  
  14  8:08  Marine  
  14  8:21  Marine  
  14  8:32  SCV  
  15  8:37  Marine x2  
  15  8:39  Marine  
  18  8:43  Factory Tech Lab  
  18  8:46  SCV  
  19  8:49  Terran Infantry Weapons Level 1  
  19  8:58  SCV  
  20  9:04  SCV  
  20  9:07  SCV  
  22  9:16  SCV  
  23  9:19  SCV  
  23  9:20  Siege Tank  
  27  9:25  Barracks Reactor  
  27  9:27  Marine  
  28  9:36  Barracks Reactor  
  28  9:42  SCV  
  28  9:44  SCV  
  30  9:47  SCV  
  31  9:57  SCV  
  31  9:59  SCV  
  23  10:09  SCV  
  23  10:11  SCV  
Tags
 
Composition
Hellion Banshee
Matchup
TvT
Opening
1/1/1
Race
Terran
Spawn Locations
Cross Positions
Add a new tag
Caveats
  • Supply blocks, unpowered buildings, or Contaminate may cause inaccurate times.
  • Supply counts are checked every 10 seconds.